 Dungeon Crawl Stone Soup version 0.13.0-19-g8e0b589 (webtiles) character file.

6631 Requiem the Cleaver (level 10, 0/75 HPs)
             Began as a Vampire Berserker on Oct 24, 2013.
             Was a High Priest of Trog.
             Slain by a killer bee (5 damage)
             ... on Level 9 of the Dungeon.
             The game lasted 00:18:53 (6777 turns).

Requiem the Cleaver (Vampire Berserker)             Turns: 6777, Time: 00:18:54

HP   0/75        AC 12     Str 19      XL: 10   Next: 58%
MP  10/10        EV  4     Int  9      God: Trog [*****.]
Gold 541         SH 10     Dex 13      Spells:  0 memorised,  9 levels left

Res.Fire  : . . .   See Invis. : +   B - +4,+3 orc war axe (vamp)
Res.Cold  : . . .   Warding    : .   a - +0 orc plate armour
Life Prot.: + . .   Conserve   : .   i - +1 dwarf buckler
Res.Poison: .       Res.Corr.  : .   (no helmet)
Res.Elec. : .       Clarity    : .   (no cloak)
Sust.Abil.: . .     Spirit.Shd : .   (no gloves)
Res.Mut.  : .       Stasis     : .   (no boots)
Res.Rott. : .       Flight     : .   (no amulet)
Saprovore : . . .                    (no ring)
                                     (no ring)

@: regenerating, exhausted, quite poisoned, slowed, very slow, very resistant to
hostile enchantments, extremely unstealthy
A: bottle blood, fangs 3, see invisible, unbreathing
a: Bat Form, Bottle Blood, Burn Spellbooks, Berserk, Trog's Hand, Brothers in
Arms, Renounce Religion


You were on level 9 of the Dungeon.
You worshipped Trog.
Trog was extremely pleased with you.
You were not thirsty.

You visited 1 branch of the dungeon, and saw 9 of its levels.
You also visited: Sewer.

You collected 521 gold pieces.

Inventory:

Hand weapons
 B - a +4,+3 orcish vampiric war axe (weapon)
 N - the +2,+7 dire flail "Ceafi" {flame, +Blink}
   (You found it on level 8 of the Dungeon)

   It emits flame when wielded, causing extra injury to most foes and up to
   double damage against particularly susceptible opponents.
   It lets you blink.
Missiles
 y - 5 javelins (quivered)
 z - a throwing net
Armour
 a - a +0 orcish plate armour (worn)
 i - a +1 dwarven buckler (worn)
 J - the +2 leather armour "Yshu" {Acc+6}
   (You found it on level 8 of the Dungeon)

   It affects your accuracy (+6).
Magical devices
 k - a wand of digging (9)
 l - a wand of slowing (9)
 n - a wand of random effects (12)
 p - a wand of fire (7)
 r - a wand of frost (4)
 s - a wand of cold (8)
 v - a wand of fire (9)
 C - a wand of disintegration (10)
 E - a wand of confusion (10)
 F - a wand of digging (12)
Scrolls
 g - a scroll of blinking
 h - 4 scrolls of teleportation
 m - a scroll of noise
 o - a scroll of magic mapping
 D - 3 scrolls of remove curse {unknown}
Jewellery
 H - an uncursed ring of wizardry
 K - an uncursed amulet of resist mutation
 M - an uncursed amulet of the gourmand {unknown}
Potions
 b - a potion of cure mutation
 d - 2 potions of magic
 t - a potion of might
 x - 3 potions of poison {unknown}
 A - 2 potions of slowing {unknown}
 I - 3 potions of paralysis {unknown}
 L - 2 potions of agility {unknown}
Books
 w - a book of Ice

   Spells                             Type                      Level
   Freezing Aura                      Charms/Ice                   2
   Ensorcelled Hibernation            Hexes/Ice                    2
   Ozocubu's Refrigeration            Ice                          6
   Bolt of Cold                       Conjuration/Ice              6
   Freezing Cloud                     Conjuration/Ice/Air          6
   Metabolic Englaciation             Hexes/Ice                    6
   Simulacrum                         Ice/Necromancy               6
   Trog disapproves of the use of such an item.


   Skills:
 + Level 5.7 Fighting
 * Level 10.3 Axes
 + Level 5.9 Armour
 + Level 8.1 Dodging
 - Level 0.9 Stealth
 + Level 2.4 Shields


You had 9 spell levels left.
You didn't know any spells.

Dungeon Overview and Level Annotations

Branches:
Dungeon (9/27)             Temple (0/1) D:7             Orc (0/4) D:7
   Lair: D:8-13

Altars:
Elyvilon
Yredelemnul


Innate Abilities, Weirdness & Mutations

You can bottle blood from corpses.
You have razor-sharp teeth.*
You have supernaturally acute eyesight.
You can survive without breathing.*


Message History

* * * LOW HITPOINT WARNING * * *
You feel sick.
* * * LOW HITPOINT WARNING * * *
You feel sick.
The killer bee turns to fight!
* * * LOW HITPOINT WARNING * * *
You feel sick.
The killer bee turns to fight!
* * * LOW HITPOINT WARNING * * *
You feel sick.
* * * LOW HITPOINT WARNING * * *
You feel sick. The killer bee barely misses you. The killer bee stings you.
* * * LOW HITPOINT WARNING * * *
Use which ability? (? or * to list)
Your skin crawls.
You feel resistant to hostile enchantments.
You feel slightly more thirsty.
* * * LOW HITPOINT WARNING * * *
You feel sick.
You feel a little better. The killer bee stings you.
You die...

######## ############
###......# #..........#
###........#
##..........###...#......###
.k.#........kk@'...###......##.
.%/k...........##### #.....)##.
%...#..........# #.........
#..........# #......###
#..........# #......#
###+######## #......# #####.##
#.....# ##'###### #


You could see 2 killer bees.

Vanquished Creatures
  Joseph (D:7)
  Psyche (D:9)
  Grinder (D:3)
  A queen bee (D:9)
  Prince Ribbit (D:5)
  2 wolves (D:8)
  Grum (D:8)
  A hungry ghost (D:8)
  A necrophage (D:8)
  A swamp drake (D:7)
  4 orc warriors
  Purgy (Sewer)
  A phantom (D:7)
  A yellow wasp (D:8)
  A black bear (D:8)
  3 sky beasts
  2 ice beasts
  2 centaurs (D:6)
  2 ogres (D:3)
  2 water moccasins
  Sigmund (D:3)
  3 giant frogs
  16 killer bees (D:9)
  5 wights (D:7)
  A yak skeleton (D:8)
  4 crimson imps
  2 hounds (D:7)
  2 scorpions
  5 orc priests
  A giant frog skeleton (D:6)
  A basilisk skeleton (D:8)
  A water moccasin skeleton (D:6)
  7 orc wizards
  8 worker ants
  Ijyb (D:2)
  6 adders
  A green rat (D:4)
  A giant mite (D:8)
  A worm zombie (D:5)
  2 worms (D:2)
  A giant eyeball (D:4)
  4 giant geckos (D:3)
  An ooze (D:1)
  30 orcs
  A bat skeleton (D:4)
  7 giant cockroaches
  15 hobgoblins
  16 jackals
  4 quokkas
  4 ball pythons
  13 bats
  5 giant newts
  19 goblins
  A hobgoblin skeleton (D:9)
  A jackal skeleton (D:4)
  14 kobolds
  A kobold skeleton (D:5)
  31 rats
  A rat zombie (D:7)
268 creatures vanquished.

Vanquished Creatures (collateral kills)
  A bat (D:8)
1 creature vanquished.

Grand Total: 269 creatures vanquished

Notes
Turn   | Place    | Note
--------------------------------------------------------------
     0 | D:1      | Requiem, the Vampire Berserker, began the quest for the Orb.
     0 | D:1      | Reached XP level 1. HP: 18/18 MP: 1/1
    24 | D:1      | Reached skill level 3 in Axes
    44 | D:1      | Reached XP level 2. HP: 16/24 MP: 2/2
   224 | D:1      | Acquired Trog's second power
   427 | D:1      | Reached XP level 3. HP: 30/30 MP: 3/3
   956 | D:2      | Noticed Ijyb
   981 | D:2      | Killed Ijyb
   981 | D:2      | Reached XP level 4. HP: 28/36 MP: 4/4
  1105 | D:2      | Reached skill level 4 in Axes
  1908 | D:3      | Noticed an ogre
  1915 | D:3      | Killed an ogre
  1915 | D:3      | Reached XP level 5. HP: 42/42 MP: 5/5
  1939 | D:3      | Noticed Grinder
  1943 | D:3      | Paralysed by Grinder for 4 turns
  1955 | D:3      | Paralysed by Grinder for 3 turns
  1964 | D:3      | Paralysed by Grinder for 2 turns
  1970 | D:3      | Killed Grinder
  1970 | D:3      | Reached skill level 5 in Axes
  1970 | D:3      | Reached XP level 6. HP: 20/48 MP: 6/6
  2085 | D:3      | Noticed Sigmund
  2090 | D:3      | Killed Sigmund
  2123 | D:3      | Reached XP level 7. HP: 49/53 MP: 7/7
  2477 | D:3      | Noticed an ogre
  2485 | D:3      | Killed an ogre
  2488 | D:3      | Acquired Trog's third power
  2570 | D:4      | Reached skill level 5 in Dodging
  2719 | D:4      | Found a glowing drain.
  2748 | Sewer    | Entered a sewer
  2801 | Sewer    | Noticed Purgy
  2810 | Sewer    | Killed Purgy
  2810 | Sewer    | Reached skill level 6 in Axes
  3252 | D:5      | Entered Level 5 of the Dungeon
  3322 | D:5      | Reached XP level 8. HP: 60/60 MP: 8/8
  3751 | D:5      | Noticed Prince Ribbit
  3763 | D:5      | Killed Prince Ribbit
  4383 | D:6      | Reached skill level 7 in Axes
  4428 | D:6      | Found a white marble altar of Elyvilon.
  4505 | D:6      | Reached skill level 1 in Shields
  4851 | D:7      | Received a gift from Trog
  4970 | D:7      | Found a staircase to the Ecumenical Temple.
  5023 | D:7      | Noticed Joseph
  5042 | D:7      | Killed Joseph
  5042 | D:7      | Reached skill level 8 in Axes
  5042 | D:7      | Reached XP level 9. HP: 67/67 MP: 9/9
  5220 | D:7      | Reached skill level 5 in Armour
  5256 | D:7      | Found a staircase to the Orcish Mines.
  5548 | D:8      | Reached skill level 5 in Fighting
  5555 | D:8      | Got a fine leather armour
  5568 | D:8      | Identified the +2 leather armour "Yshu" {Acc+6} (You found it on level 8 of the Dungeon)
  5589 | D:8      | Reached skill level 9 in Axes
  5662 | D:8      | Found a basalt altar of Yredelemnul.
  5798 | D:8      | Noticed Grum
  5816 | D:8      | Reached XP level 10. HP: 74/74 MP: 10/10
  5827 | D:8      | Killed Grum
  5898 | D:8      | Got an ancient dire flail
  5909 | D:8      | Identified the dire flail "Ceafi" {flame, +Blink} (You found it on level 8 of the Dungeon)
  6337 | D:9      | Noticed Psyche
  6344 | D:9      | Killed Psyche
  6412 | D:9      | Reached skill level 10 in Axes
  6731 | D:9      | HP: 3/75 [killer bee (3)]
  6743 | D:9      | HP: 2/75 [poisoned by a killer bee]
  6777 | D:9      | HP: 3/75 [poisoned by a killer bee]
  6777 | D:9      | Slain by a killer bee

Action                   |  1- 3 |  4- 6 |  7- 9 | 10-12 || total
-------------------------+-------+-------+-------+-------++-------
Melee: Hand axe          |   144 |   111 |    97 |       ||   352
       War axe           |       |       |   344 |   151 ||   495
       Dire flail        |       |       |       |    12 ||    12
Invok: Berserk           |     1 |     3 |     6 |     2 ||    12
       Trog's Hand       |       |       |       |     2 ||     2
Evoke: Wand              |       |     1 |     7 |       ||     8
  Use: Potion            |     1 |       |     6 |     6 ||    13
       Scroll            |       |       |    21 |     5 ||    26
